 Dungeon Crawl Stone Soup version 0.31.0-32-g396128a36d (webtiles) character file.

Game seed: 5794514025673045084

95 mainiacjoe the Sneak (level 4, 0/33 HPs)
             Began as an Octopode Delver on Mar 29, 2024.
             Succumbed to a water moccasin's poison
             ... on level 5 of the Dungeon.
             The game lasted 00:01:25 (142 turns).

mainiacjoe the Sneak (Octopode Delver)               Turns: 142, Time: 00:01:26

Health: 0/33       AC:  1    Str: 11    XL:     4   Next: 65%
Magic:  4/4        EV: 13    Int: 14    God:
Gold:   15         SH:  0    Dex: 13    Spells: 3/3 levels left

rFire   . . .        a - +0 short sword
rCold   . . .        (no shield)
rNeg    . . .        (helmet restricted)
rPois   .            (no amulet)
rElec   .            (no ring)
rCorr   .            (no ring)
SInv    .            (no ring)
Will    .....        (no ring)
Stlth   ++++         (no ring)
HPRegen 0.25/turn    (no ring)
MPRegen 0.09/turn    (no ring)
                     (no ring)

%: no passive effects
@: lethally poisoned (0 -> -3), hasted, very quick
A: almost no armour, amphibious, 8 rings, camouflage 1, gelatinous body 1,
(nimble swimmer 1), tentacles
a: no special abilities


You were on level 5 of the Dungeon.
You visited 1 branch of the dungeon, and saw 1 of its levels.

You collected 15 gold pieces.

Inventory:

Hand Weapons
 a - a +0 short sword (weapon)
Wands
 f - a wand of digging (3)
Scrolls
 b - a scroll of fog
 c - a scroll of revelation
 d - a scroll of fear
 g - a scroll of vulnerability {unknown}


   Skills:
 + Level 3.6 Fighting
 + Level 2.8 Short Blades
 + Level 2.9 Dodging
 + Level 7.3 Stealth


You had 3 spell levels left.
You didn't know any spells.
Your spell library was empty.

Dungeon Overview and Level Annotations

Branches:
Dungeon (5/15)
 Temple: D:4-7

Altars:

Annotations:
D:5 exclusion: bombardier beetle


Innate Abilities, Weirdness & Mutations

You cannot wear most types of armour.
You are amphibious.
You can wear up to eight rings at the same time.
Your skin changes colour to match your surroundings (Stealth+).
Your rubbery body absorbs attacks. (AC +1, EV +1)
((You are camouflaged when in or above water. (Stealth+)))
You have tentacles for arms and can constrict up to eight enemies at once.


Message History

Ouch! That really hurt!
You hit the water moccasin but do no damage.
You squeeze the water moccasin.
The water moccasin is almost dead.
You constrict the water moccasin, but do no damage.
The water moccasin barely misses you.
You hit the water moccasin but do no damage.
Your tentacle-slap misses the water moccasin.
The water moccasin is almost dead.
You constrict the water moccasin. The water moccasin bites you.
You are lethally poisoned!
The water moccasin poisons you!
You barely miss the water moccasin. You squeeze the water moccasin.
The water moccasin is almost dead.
You constrict the water moccasin.
You kill the water moccasin!
* * * LOW HITPOINT WARNING * * *
You feel sick.
Your Stealth skill increases to level 7!
You have reached level 2!
You have reached level 3!
Your experience leads to an increase in your attributes!
Increase (S)trength, (I)ntelligence, or (D)exterity?
You feel clever. x2
You have reached level 4!
There is a lethal amount of poison in your body!
You aren't carrying any potions.
* * * LOW HITPOINT WARNING * * *
You feel sick.
* * * LOW HITPOINT WARNING * * *
You feel sick.
* * * LOW HITPOINT WARNING * * *
You feel sick.
* * * LOW HITPOINT WARNING * * *
You feel sick.
* * * LOW HITPOINT WARNING * * *
You feel sick.
* * * LOW HITPOINT WARNING * * *
You feel sick.
You die...

# ##### #### #
#...### ###..#### #
#.....####.....#..
##...............#
#.##.............##
##.###.............#
#..##...........@..#
..###..###.........#
..##...# ###.......#
.###..## ###.....#
..#... #.....##
...... #.....#
...... ##.....##
....... #.......#
......#
...............


There were no monsters in sight!

Vanquished Creatures
  A water moccasin (D:5)
1 creature vanquished.

Notes
Turn   | Place    | Note
-------+----------+-------------------------------------------
     0 | D:5      | mainiacjoe the Octopode Delver began the quest for the Orb.
     0 | D:5      | Reached XP level 1. HP: 16/16 MP: 1/1
    19 | D:5      | Noticed a bombardier beetle
   120 | D:5      | Noticed a water moccasin
   134 | D:5      | Killed a water moccasin
   135 | D:5      | Reached skill level 7 in Stealth
   135 | D:5      | Reached XP level 2. HP: 5/22 MP: 2/2
   135 | D:5      | Reached XP level 3. HP: 6/27 MP: 3/3
   135 | D:5      | Reached XP level 4. HP: 8/33 MP: 4/4
   141 | D:5      | HP: 1/33 [poisoned by a water moccasin]
   142 | D:5      | Succumbed to a water moccasin's poison

Illustrated notes

Levels and vault maps discovered:
D:5:      layout_layer_cave

Skill      XL: |  1 |
---------------+----+-----
Stealth        | 7 |  7.3
Fighting       | |  3.6
Short Blades   | |  2.8
Dodging        | |  2.9

Action                     |  1- 3 |  4- 6 || total
---------------------------+-------+-------++-------
  Melee: Short sword       |     6 |       ||     6
         Tentacles         |     3 |       ||     3
         Constrict         |     1 |       ||     1
    Use: Potion            |     1 |       ||     1
 Armour: Skin              |     2 |       ||     2
  Dodge: Dodged            |     2 |       ||     2
